 Dungeon Crawl Stone Soup version 0.28.0-53-g5a82cb258f (webtiles) character file.

Game seed: 6840515727785801405

1866 Jerry the Sneak (level 8, -9/49 HPs)
             Began as a Vampire Fighter on July 31, 2022.
             Was a Follower of Uskayaw.
             Killed from afar by Dowan (13 damage)
             ... with a stone arrow
             ... on level 5 of the Dungeon.
             The game lasted 00:16:14 (6099 turns).

Jerry the Sneak (Vampire Fighter)                   Turns: 6099, Time: 00:16:15

Health: -9/49      AC:  8    Str: 15 (17) XL:     8   Next: 90%
Magic:  10/10      EV:  8    Int:  8 (10) God:    Uskayaw [*.....]
Gold:   201        SH:  5    Dex: 12 (14) Spells: 7/7 levels left

rFire   . . .      SeeInvis +   o - +0 short sword (venom)
rCold   + + .      Faith    .   c - +0 buckler
rNeg    + + +      Spirit   .   b - +0 scale mail
rPois   ∞          Reflect  .   (no helmet)
rElec   .          Harm     .   (no cloak)
rCorr   .          Rampage  .   j - +0 pair of gloves
Will    .....                   (no boots)
Stlth   ++++......              (no amulet)
HPRegen 0.00/turn               (no ring)
MPRegen 0.12/turn               (no ring)

@: mighty, bloodless, inhibited regen
A: bloodless, fangs 3, see invisible, vampiric 2
a: Bat Form, Revivify, Renounce Religion, Stomp


You were on level 5 of the Dungeon.
You worshipped Uskayaw.
Uskayaw was noncommittal.
You visited 2 branches of the dungeon, and saw 7 of its levels.

You collected 201 gold pieces.

Inventory:

Hand Weapons
 a - a +0 rapier
 o - a +0 short sword of venom (weapon)
Armour
 b - a +0 scale mail (worn)
 c - a +0 buckler (worn)
 j - a +0 pair of gloves (worn)
 r - a +0 leather armour
Jewellery
 u - a ring of wizardry
Wands
 p - a wand of paralysis (7)
 s - a wand of iceblast (8)
Scrolls
 e - a scroll of vulnerability {unknown}
 i - 2 scrolls of blinking {unknown}
 k - 2 scrolls of enchant weapon {unknown}
 l - 2 scrolls of teleportation {unknown}
 m - 2 scrolls of summoning {unknown}
Potions
 f - a potion of lignification {unknown}
 g - a potion of heal wounds {unknown}
 h - a potion of curing {unknown}
 n - 2 potions of haste {unknown}
 q - a potion of ambrosia {unknown}
 t - a potion of mutation {unknown}


   Skills:
 + Level 5.3 Fighting
 + Level 6.0 Short Blades
 + Level 4.9 Armour
 + Level 7.1 Stealth
 - Level 5.0 Shields
 + Level 2.7 Invocations


You had 7 spell levels left.
You didn't know any spells.
Your spell library contained the following spells:

 Spells                   Type           Power      Damage    Failure   Level
 Dazzling Flash           Conj/Hex       0%         N/A       99%         3
 Gell's Gravitas          Tloc           0%         N/A       99%         3
 Ozocubu's Armour         Ice            0%         N/A       99%         3
 Teleport Other           Tloc           0%         N/A       99%         3
 Iskenderun's Mystic Bla  Conj/Tloc      0%         2d3       100%        4
 Freezing Cloud           Conj/Ice/Air   0%         6-21      100%        5
 Metabolic Englaciation   Hex/Ice        0%         N/A       100%        5
 Dispersal                Tloc           0%         N/A       100%        6
 Simulacrum               Ice/Necr       0%         N/A       100%        6
 Starburst                Conj/Fire      0%         6d3       100%        6
 Polar Vortex             Ice            0%         N/A       100%        9


Dungeon Overview and Level Annotations

Branches:
Dungeon (6/15)             Temple (1/1) D:5

Altars:
Ashenzari
Cheibriados
Dithmenos
Gozag
Hepliaklqana
Kikubaaqudgha
Makhleb
Nemelex Xobeh
Ru
Sif Muna
Uskayaw
Vehumet
Xom
Yredelemnul
The Shining One

Annotations:
D:3 exclusion: statue
D:4 3 runed translucent doors, SnailSD's ghost, amateur MiBe; duchin's ghost, amateur OpCj; duchin's ghost, weakling DrTm; hitsuchi's ghost, novice KoBr
D:5 Dowan


Innate Abilities, Weirdness & Mutations

You do not regenerate when monsters are visible.
You are frail without blood (-20% HP).
You can heal yourself when you bite living creatures.
You are immune to poison.
You have razor-sharp teeth.
You have supernaturally acute eyesight. (SInv)
You are afflicted with vampirism and can become a bat while bloodless.


Message History

You hit Duvessa.
Duvessa looks as sick as possible!
You bite Duvessa, but do no damage.
Duvessa is almost dead.
Dowan gestures at you while chanting. The puff of flame hits you!
Duvessa hits you with a +0 short sword!
You closely miss Duvessa. You bite Duvessa.
You draw Duvessa's blood!
You feel better.
Duvessa is almost dead.
You kill Duvessa!
Dowan screams, "No!
Oh no!"
Dowan seems to find hidden reserves of power!
Dowan barely misses you. You block Dowan's attack.
Your Short Blades skill increases to level 6!
Your Stealth skill increases to level 7!
Dowan hits you with a +0 dagger.
You climb upwards.
There is a stone staircase leading down here.
You barely miss Dowan. Dowan hits you with a +0 dagger.
You miss Dowan. Dowan gestures at you while chanting.
The shard of ice hits you. You partially resist.
Dowan gestures at you while chanting. The shard of ice hits you!
You partially resist.
* * * LOW HITPOINT WARNING * * *
You closely miss Dowan. You block Dowan's attack.
You can no longer pass through a line of other dancers.
You miss Dowan. Dowan hits you with a +0 dagger.
* * * LOW HITPOINT WARNING * * *
You hit Dowan.
Dowan is lightly wounded.
Dowan hits you but does no damage.
You feel very mighty all of a sudden. Dowan hits you with a +0 dagger.
* * * LOW HITPOINT WARNING * * *
Dowan hits you but does no damage.
You hit Dowan.
Dowan is poisoned.
Dowan is moderately wounded.
Dowan points at you and mumbles some strange words.
The stone arrow hits you!
You die...

#.# ##...##..###.####
#.####.....##........#
#...#.......#........#
#.#....._............#
#.###.......##.......#
#.####...).###.......#
####.##.##...## #.......#
#........##.#####.......#
#.##.##.##....e@.###.####
#.##.##.##.#####†# #.#
##.##.......# #.###.#
......##.##.# #.....# ##
##.##.##.##.# #.##### #.
##......#########.#
#########.
....#.#.≈≈≈≈.#....#
#.........
###.#.##.≈≈≈≈##.###
#.##.#....
#.#....≈≈≈≈#.<.#
#.##.#....


You could see Dowan (fast, very poisoned).

Vanquished Creatures
  Pikel (D:4)
  Duvessa (D:6)
  An ice beast (D:6)
  3 ogres
  A centaur (D:5)
  A phantom (D:5)
  A kobold brigand (D:4)
  Blork the orc (D:5)
  3 scorpions
  A howler monkey (D:4)
  A centaur zombie (D:4)
  A bullfrog zombie (D:5)
  A jelly (D:5)
  An orc priest (D:5)
  An iguana (D:5)
  A gnoll shaman (D:4)
  A bullfrog skeleton (D:5)
  An orc wizard (D:5)
  2 hound skeletons (D:4)
  4 gnolls
  8 adders
  2 river rats (D:5)
  An adder skeleton (D:4)
  3 dart slugs
  5 orcs
  10 endoplasms
  3 giant cockroaches
  10 goblins
  3 hobgoblins
  5 jackals
  6 kobolds
  2 quokkas
  14 ball pythons
  9 bats
  6 frilled lizards
  7 rats
122 creatures vanquished.

Notes
Turn   | Place    | Note
-------+----------+-------------------------------------------
     0 | D:1      | Jerry the Vampire Fighter began the quest for the Orb.
     0 | D:1      | Reached XP level 1. HP: 17/17 MP: 1/1
    90 | D:1      | Reached XP level 2. HP: 23/23 MP: 2/2
   133 | D:1      | Found a faded altar of an unknown god.
   724 | D:2      | Gained mutation: You are afflicted with vampirism and can
                  | become a bat while bloodless. [Vampire growth]
   724 | D:2      | Reached XP level 3. HP: 28/29 MP: 3/3
  1020 | D:2      | Reached XP level 4. HP: 35/35 MP: 4/4
  1503 | D:3      | Found a radiant altar of Vehumet.
  1503 | D:3      | Noticed a frost-covered statue
  1843 | D:3      | Identified the +5 whip of the Twenty Tables {vorpal, rF+
                  | Dex+7}
  2342 | D:4      | Reached skill level 1 in Stealth
  2342 | D:4      | Reached XP level 5. HP: 40/41 MP: 5/5
  2486 | D:4      | Noticed an ogre
  2497 | D:4      | Killed an ogre
  2498 | D:4      | Reached skill level 2 in Stealth
  2523 | D:4      | Reached XP level 6. HP: 46/48 MP: 6/6
  2530 | D:4      | Found a runed translucent gate.
  2530 | D:4      | Found a runed translucent gate.
  2531 | D:4      | Found a runed translucent gate.
  2531 | D:4      | Noticed duchin's ghost (amateur OpCj)
  2531 | D:4      | Noticed SnailSD's ghost (amateur MiBe)
  2531 | D:4      | Noticed duchin's ghost (weakling DrTm)
  2545 | D:4      | Noticed hitsuchi's ghost (novice KoBr)
  2551 | D:4      | Reached skill level 3 in Stealth
  2693 | D:4      | Reached XP level 7. HP: 39/54 MP: 7/7
  3381 | D:4      | Reached skill level 4 in Stealth
  3871 | D:4      | Found a shimmering blue altar of Sif Muna.
  4106 | D:5      | Entered Level 5 of the Dungeon
  4107 | D:5      | Found a staircase to the Ecumenical Temple.
  4119 | Temple   | Entered the Ecumenical Temple
  4173 | Temple   | Became a worshipper of Uskayaw the Reveller
  4287 | D:5      | Reached * piety under Uskayaw
  4449 | D:5      | Reached ** piety under Uskayaw
  4583 | D:5      | Reached *** piety under Uskayaw
  4680 | D:5      | Reached skill level 5 in Stealth
  4745 | D:5      | Noticed Pikel
  4769 | D:4      | Killed Pikel
  4770 | D:4      | Reached skill level 5 in Short Blades
  4770 | D:4      | Reached skill level 6 in Stealth
  4770 | D:4      | Reached skill level 1 in Invocations
  4770 | D:4      | Reached XP level 8. HP: 12/48 MP: 7/9
  5002 | D:5      | Reached skill level 5 in Shields
  5014 | D:5      | Noticed Blork the orc
  5032 | D:5      | Killed Blork the orc
  5033 | D:5      | Reached skill level 5 in Fighting
  5385 | D:5      | Found a hazy altar of Hepliaklqana.
  6019 | D:6      | Noticed Duvessa
  6019 | D:6      | Noticed Dowan
  6090 | D:6      | Killed Duvessa
  6091 | D:6      | Reached skill level 7 in Stealth
  6099 | D:5      | Killed from afar by Dowan

Illustrated notes

Levels and vault maps discovered:
D:1:      erik_arrival_orb_chamber, layout_basic, basic_ecumenical_altar
D:2:      layout_basic
D:3:      layout_basic, vehumet_statue
D:4:      layout_basic, nicolae_sif_muna_little_library,
          gammafunk_ghost_cemetery
D:5:      layout_loops_cross, lemuel_round_altar,
          minmay_temple_entry_drinking_statues, portal_sewer_entry_b,
          uniq_blork_the_orc, uniq_pikel
D:6:      layout_rooms, ebering_ghost_inner_flame, doesnt_shop_hydraphobe,
          uniq_duvessa, uniq_grinder
Temple:   minmay_temple_bridge_abc

Skill      XL: |  1  2  3  4  5  6  7  8 |
---------------+-------------------------+-----
Fighting       | 3 4 5 |  5.3
Shields        | 3 4 5 |  5.0
Short Blades   | 3 4 5 6 |  6.0
Armour         | 3 4 |  4.9
Stealth        | 1 2 3 6 7 |  7.1
Invocations    | 1 2 |  2.7

Action                   |  1- 3 |  4- 6 |  7- 9 || total
-------------------------+-------+-------+-------++-------
Melee: Rapier            |   103 |    88 |       ||   191
       Bite              |    10 |    18 |    33 ||    61
       Short sword       |       |    52 |   218 ||   270
 Abil: Exsanguinate      |       |       |     1 ||     1
       End Transformatio |       |       |     1 ||     1
       Bat Form          |       |       |     1 ||     1
  Use: Potion            |       |       |     2 ||     2
 Stab: Sleeping          |       |       |     7 ||     7
       Paralysed         |       |       |     2 ||     2
Armor: Scale mail        |    56 |    62 |    17 ||   135
       Leather armour    |       |       |    19 ||    19
Dodge: Dodged            |    41 |    42 |    82 ||   165
Block: Buckler           |    26 |    31 |    42 ||    99
